[ PARTIDA AOE2 · #471455720 ]
UnrankedMongoles vs Cumans
[ ANÁLISIS DE REPETICIÓN · EXTRAÍDO DE LA PARTIDA GRABADA ]
Feudal
14:18
Castillos
24:13
Imperial
61:59
| APM promedio | 12.0 |
| APM pico | 43 |
| eAPM promedio | 10.4 |
| Aldeanos / militares | 119 / 252 |
Foco
⚔️ 48.4% · 🌾 51.6%
Spearman ×106 · Mangudai ×84 · Skirmisher ×34 · Steppe Lancer ×26 · Trade Cart ×5 · Monk ×1
Feudal
—
Castillos
—
Imperial
—
| APM promedio | 12.2 |
| APM pico | 81 |
| eAPM promedio | 8.8 |
| Aldeanos / militares | 92 / 320 |
Foco
⚔️ 33.6% · 🌾 66.4%
Spearman ×130 · Knight ×128 · Kipchak ×46 · Trade Cart ×31 · Unknown (1260) ×10 · Scorpion ×5
Feudal
12:02
Castillos
19:10
Imperial
72:25
| APM promedio | 12.3 |
| APM pico | 32 |
| eAPM promedio | 10.8 |
| Aldeanos / militares | 120 / 155 |
Foco
⚔️ 35.1% · 🌾 64.9%
Archer ×84 · Spearman ×34 · War Elephant ×23 · Camel Scout ×10 · Militia ×3 · Trade Cart ×3
Feudal
13:48
Castillos
17:52
Imperial
42:15
| APM promedio | 9.8 |
| APM pico | 23 |
| eAPM promedio | 7.5 |
| Aldeanos / militares | 81 / 120 |
Foco
⚔️ 34.9% · 🌾 65.1%
Scorpion ×80 · Knight ×25 · Trade Cart ×7 · Battering Ram ×5 · Trebuchet (Packed) ×4 · Petard ×3
Feudal
14:13
Castillos
21:28
Imperial
31:43
| APM promedio | 24.0 |
| APM pico | 77 |
| eAPM promedio | 16.0 |
| Aldeanos / militares | 112 / 551 |
Foco
⚔️ 60.3% · 🌾 39.7%
Huskarl ×299 · Spearman ×241 · Trade Cart ×14 · Trebuchet (Packed) ×6 · Militia ×5
Feudal
15:02
Castillos
28:29
Imperial
37:18
| APM promedio | 14.0 |
| APM pico | 57 |
| eAPM promedio | 12.6 |
| Aldeanos / militares | 162 / 373 |
Foco
⚔️ 30.7% · 🌾 69.3%
Spearman ×324 · Trade Cart ×50 · Conquistador ×26 · Bombard Cannon ×18 · Monk ×3 · Trebuchet (Packed) ×2
Mapa de la partida
Recursos iniciales + cada clic de construcción. Líneas = muros · curvas = relieve. ◆ oro · ⬟ piedra · ● bayas · ✦ reliquia · ◌ hueco del cierre
Tu base
Base de Rdot_48em
Base de GILGAMESH
Base de pavelinhos· Abierta — flanco sin cerrar
Base de Andrikreus
Base de gabibozolan· Abierta — flanco sin cerrar
Terreno inicial suavizado · ◌ = hueco del cierre detectado · pasá el cursor para detalles
Inputs por minuto
— spiterman - - Rdot_48em
Build order — spiterman
Primeras 150 de 530 acciones detectadas
| 0:10 | Construir | House |
| 0:24 | Crear | Villager (Male) |
| 0:24 | Crear | Villager (Male) |
| 0:24 | Crear | Villager (Male) |
| 0:25 | Crear | Villager (Male) |
| 1:35 | Construir | Palisade Wall |
| 1:41 | Investigar | Loom |
| 1:46 | Crear | Villager (Male) |
| 2:35 | Crear | Villager (Male) |
| 2:35 | Crear | Villager (Male) |
| 2:35 | Crear | Villager (Male) |
| 3:10 | Construir | Palisade Wall |
| 3:22 | Construir | House |
| 3:25 | Construir | House |
| 4:22 | Crear | Villager (Male) |
| 4:22 | Crear | Villager (Male) |
| 4:22 | Crear | Villager (Male) |
| 4:50 | Construir | House |
| 5:22 | Construir | House |
| 5:37 | Construir | Outpost |
| 5:52 | Crear | Villager (Male) |
| 5:52 | Crear | Villager (Male) |
| 5:52 | Crear | Villager (Male) |
| 5:53 | Crear | Villager (Male) |
| 6:43 | Construir | Lumber Camp |
| 6:52 | Crear | Villager (Male) |
| 6:52 | Crear | Villager (Male) |
| 6:52 | Crear | Villager (Male) |
| 7:06 | Construir | Outpost |
| 7:29 | Construir | Mill |
| 9:18 | Crear | Villager (Male) |
| 9:19 | Crear | Villager (Male) |
| 9:19 | Crear | Villager (Male) |
| 9:19 | Crear | Villager (Male) |
| 9:58 | Construir | Mining Camp |
| 10:34 | Construir | Mining Camp |
| 10:40 | Crear | Villager (Male) |
| 10:40 | Crear | Villager (Male) |
| 12:08 | Investigar | Feudal Age |
| 14:18 | Edad | Edad Feudal |
| 14:21 | Construir | Mill |
| 14:29 | Crear | Villager (Male) |
| 14:30 | Crear | Villager (Male) |
| 14:47 | Investigar | Double-Bit Axe |
| 15:23 | Construir | Stone Wall |
| 15:36 | Construir | Farm |
| 15:37 | Construir | Farm |
| 15:39 | Construir | Farm |
| 15:40 | Construir | Farm |
| 15:42 | Construir | Farm |
| 15:44 | Construir | Farm |
| 15:48 | Construir | Farm |
| 15:50 | Construir | Farm |
| 16:03 | Construir | Market |
| 16:28 | Investigar | Wheelbarrow |
| 16:32 | Investigar | Horse Collar |
| 17:05 | Investigar | Town Watch |
| 17:39 | Construir | Blacksmith |
| 18:07 | Construir | Stone Wall |
| 18:21 | Crear | Villager (Male) |
| 18:21 | Crear | Villager (Male) |
| 18:52 | Construir | Barracks |
| 19:03 | Construir | Farm |
| 19:18 | Construir | Farm |
| 19:56 | Crear | Villager (Male) |
| 19:56 | Crear | Villager (Male) |
| 20:03 | Construir | House |
| 20:06 | Construir | House |
| 20:43 | Construir | Lumber Camp |
| 21:03 | Construir | Farm |
| 21:05 | Investigar | Castle Age |
| 21:19 | Construir | House |
| 21:20 | Construir | House |
| 21:22 | Construir | House |
| 21:23 | Construir | House |
| 21:55 | Investigar | Gold Mining |
| 21:55 | Investigar | Stone Mining |
| 22:43 | Crear | Trade Cart |
| 22:45 | Crear | Trade Cart |
| 23:54 | Construir | House |
| 24:03 | Crear | Villager (Male) |
| 24:03 | Crear | Villager (Male) |
| 24:13 | Edad | Edad de los Castillos |
| 24:24 | Investigar | Bow Saw |
| 24:30 | Investigar | Heavy Plow |
| 24:43 | Investigar | Hand Cart |
| 25:07 | Construir | Archery Range |
| 25:23 | Construir | Monastery |
| 25:39 | Crear | Villager (Male) |
| 25:40 | Crear | Villager (Male) |
| 25:40 | Crear | Villager (Male) |
| 26:23 | Construir | Farm |
| 26:38 | Crear | Monk |
| 26:53 | Construir | Stone Wall |
| 27:02 | Construir | Farm |
| 27:07 | Crear | Villager (Male) |
| 27:08 | Crear | Villager (Male) |
| 27:08 | Crear | Villager (Male) |
| 27:08 | Crear | Villager (Male) |
| 28:03 | Construir | Castle |
| 28:15 | Construir | Farm |
| 28:17 | Construir | Farm |
| 28:23 | Crear | Villager (Male) |
| 28:23 | Crear | Villager (Male) |
| 28:31 | Investigar | Scale Barding Armor |
| 28:32 | Investigar | Scale Mail Armor |
| 28:33 | Investigar | Forging |
| 28:33 | Investigar | Fletching |
| 28:34 | Investigar | Padded Archer Armor |
| 28:46 | Crear | Skirmisher |
| 28:46 | Crear | Skirmisher |
| 28:47 | Crear | Skirmisher |
| 28:47 | Crear | Skirmisher |
| 28:50 | Investigar | Thumb Ring |
| 28:53 | Investigar | Elite Skirmisher (upgrade) |
| 29:00 | Crear | Spearman |
| 29:00 | Crear | Spearman |
| 29:01 | Crear | Spearman |
| 29:10 | Construir | Farm |
| 29:12 | Construir | Farm |
| 29:34 | Construir | Stone Wall |
| 29:55 | Construir | Farm |
| 29:59 | Construir | Farm |
| 30:01 | Construir | Farm |
| 30:08 | Crear | Villager (Male) |
| 30:09 | Crear | Villager (Male) |
| 31:32 | Crear | Spearman |
| 31:32 | Crear | Spearman |
| 31:32 | Crear | Spearman |
| 31:33 | Crear | Spearman |
| 31:41 | Construir | Farm |
| 31:43 | Construir | Farm |
| 32:27 | Crear | Mangudai |
| 32:27 | Crear | Mangudai |
| 32:27 | Crear | Mangudai |
| 32:27 | Crear | Mangudai |
| 32:28 | Crear | Mangudai |
| 32:37 | Construir | Farm |
| 32:41 | Investigar | Pikeman (upgrade) |
| 32:43 | Investigar | Squires |
| 33:03 | Construir | Farm |
| 33:21 | Crear | Skirmisher |
| 33:22 | Crear | Skirmisher |
| 33:22 | Crear | Skirmisher |
| 33:22 | Crear | Skirmisher |
| 33:23 | Crear | Skirmisher |
| 33:24 | Crear | Skirmisher |
| 33:24 | Crear | Skirmisher |
| 33:24 | Crear | Skirmisher |
| 34:14 | Crear | Spearman |
Build order — Rdot_48em
Primeras 150 de 276 acciones detectadas
| 0:01 | Crear | Villager (Male) |
| 0:01 | Crear | Villager (Male) |
| 0:02 | Crear | Villager (Male) |
| 0:02 | Crear | Villager (Male) |
| 0:06 | Construir | House |
| 0:10 | Construir | House |
| 1:18 | Construir | Palisade Wall |
| 1:25 | Construir | Palisade Wall |
| 1:40 | Crear | Villager (Male) |
| 2:07 | Crear | Villager (Male) |
| 2:43 | Crear | Villager (Male) |
| 3:13 | Crear | Villager (Male) |
| 3:14 | Crear | Villager (Male) |
| 3:24 | Construir | Mill |
| 4:05 | Construir | House |
| 4:07 | Crear | Villager (Male) |
| 4:16 | Crear | Villager (Male) |
| 4:41 | Crear | Villager (Male) |
| 5:29 | Crear | Villager (Male) |
| 5:29 | Crear | Villager (Male) |
| 5:43 | Construir | House |
| 5:46 | Construir | House |
| 5:52 | Crear | Villager (Male) |
| 6:37 | Crear | Villager (Male) |
| 7:04 | Crear | Villager (Male) |
| 7:05 | Crear | Villager (Male) |
| 7:17 | Construir | Lumber Camp |
| 7:23 | Crear | Villager (Male) |
| 9:01 | Investigar | Feudal Age |
| 10:31 | Crear | Villager (Male) |
| 10:32 | Crear | Villager (Male) |
| 10:32 | Crear | Villager (Male) |
| 10:33 | Crear | Villager (Male) |
| 10:33 | Crear | Villager (Male) |
| 10:33 | Crear | Villager (Male) |
| 10:34 | Crear | Villager (Male) |
| 10:34 | Crear | Villager (Male) |
| 10:34 | Crear | Villager (Male) |
| 10:35 | Crear | Villager (Male) |
| 11:18 | Construir | Town Center |
| 11:44 | Construir | Farm |
| 12:02 | Construir | Palisade Gate |
| 12:08 | Construir | Farm |
| 12:11 | Construir | Farm |
| 12:14 | Construir | Farm |
| 12:17 | Construir | Farm |
| 12:54 | Construir | Palisade Gate |
| 13:02 | Construir | Palisade Wall |
| 13:11 | Crear | Villager (Male) |
| 13:13 | Crear | Villager (Male) |
| 13:13 | Crear | Villager (Male) |
| 13:14 | Crear | Villager (Male) |
| 13:27 | Construir | Mining Camp |
| 13:45 | Construir | Farm |
| 13:51 | Construir | Farm |
| 14:20 | Construir | Palisade Wall |
| 14:23 | Crear | Villager (Male) |
| 14:28 | Construir | Farm |
| 14:33 | Construir | Farm |
| 14:35 | Construir | Farm |
| 14:42 | Construir | Farm |
| 14:43 | Crear | Villager (Male) |
| 14:51 | Crear | Villager (Male) |
| 14:52 | Crear | Villager (Male) |
| 14:52 | Crear | Villager (Male) |
| 15:06 | Construir | House |
| 15:10 | Construir | House |
| 15:14 | Construir | House |
| 15:17 | Construir | House |
| 15:20 | Crear | Villager (Male) |
| 15:21 | Crear | Villager (Male) |
| 15:55 | Construir | Palisade Wall |
| 16:02 | Construir | Farm |
| 16:05 | Crear | Villager (Male) |
| 16:05 | Crear | Villager (Male) |
| 16:40 | Investigar | Horse Collar |
| 17:02 | Construir | Barracks |
| 17:12 | Construir | Farm |
| 17:16 | Construir | Farm |
| 17:29 | Construir | Palisade Gate |
| 17:34 | Construir | Farm |
| 17:37 | Construir | Farm |
| 17:39 | Construir | Farm |
| 17:42 | Crear | Villager (Male) |
| 17:43 | Crear | Villager (Male) |
| 17:43 | Crear | Villager (Male) |
| 17:43 | Crear | Villager (Male) |
| 17:52 | Construir | Farm |
| 18:13 | Construir | Market |
| 18:18 | Construir | Blacksmith |
| 18:40 | Construir | Mining Camp |
| 19:03 | Construir | Barracks |
| 19:08 | Construir | Barracks |
| 19:24 | Construir | House |
| 19:25 | Construir | House |
| 19:26 | Construir | House |
| 19:31 | Construir | House |
| 20:35 | Investigar | Castle Age |
| 21:03 | Crear | Villager (Male) |
| 21:03 | Crear | Villager (Male) |
| 21:03 | Crear | Villager (Male) |
| 21:24 | Construir | Barracks |
| 21:27 | Construir | Barracks |
| 21:41 | Construir | Stable |
| 21:49 | Construir | Stable |
| 21:52 | Construir | Stable |
| 21:55 | Construir | Stable |
| 22:01 | Construir | Farm |
| 22:04 | Construir | Farm |
| 22:07 | Construir | Farm |
| 22:25 | Crear | Villager (Male) |
| 22:26 | Crear | Villager (Male) |
| 22:26 | Crear | Villager (Male) |
| 22:26 | Crear | Villager (Male) |
| 22:30 | Crear | Trade Cart ×2 |
| 22:56 | Construir | Farm |
| 23:16 | Construir | Farm |
| 23:22 | Crear | Villager (Male) |
| 23:22 | Crear | Villager (Male) |
| 23:22 | Crear | Villager (Male) |
| 23:23 | Crear | Villager (Male) |
| 23:23 | Crear | Villager (Male) |
| 23:24 | Crear | Villager (Male) |
| 23:30 | Crear | Trade Cart ×2 |
| 23:37 | Construir | Farm |
| 23:44 | Crear | Knight ×4 |
| 24:07 | Investigar | Scale Barding Armor |
| 24:17 | Construir | Farm |
| 24:20 | Construir | Farm |
| 24:22 | Crear | Villager (Male) |
| 24:32 | Crear | Villager (Male) |
| 24:35 | Crear | Villager (Male) |
| 24:46 | Crear | Villager (Male) |
| 24:46 | Crear | Villager (Male) |
| 24:52 | Construir | Farm |
| 24:54 | Construir | Farm |
| 24:56 | Construir | Farm |
| 25:09 | Construir | Stable |
| 25:11 | Construir | Stable |
| 25:14 | Construir | Stable |
| 25:18 | Crear | Villager (Male) |
| 25:19 | Crear | Villager (Male) |
| 25:20 | Crear | Villager (Male) |
| 25:20 | Crear | Villager (Male) |
| 25:21 | Crear | Villager (Male) |
| 25:35 | Construir | House |
| 25:36 | Construir | House |
| 25:39 | Construir | House |
| 25:41 | Construir | House |
| 25:56 | Construir | Castle |
Build order — GILGAMESH
Primeras 150 de 490 acciones detectadas
| 0:14 | Construir | House |
| 0:18 | Construir | House |
| 0:56 | Crear | Villager (Male) |
| 0:56 | Crear | Villager (Male) |
| 0:56 | Crear | Villager (Male) |
| 1:27 | Crear | Villager (Male) |
| 1:28 | Crear | Villager (Male) |
| 2:15 | Construir | Palisade Wall |
| 3:07 | Crear | Villager (Male) |
| 3:07 | Crear | Villager (Male) |
| 4:44 | Crear | Villager (Male) |
| 5:26 | Crear | Villager (Male) |
| 5:26 | Crear | Villager (Male) |
| 5:28 | Crear | Villager (Male) |
| 5:38 | Construir | Mill |
| 6:50 | Construir | House |
| 7:10 | Construir | Palisade Wall |
| 7:20 | Crear | Villager (Male) |
| 7:21 | Crear | Villager (Male) |
| 7:26 | Construir | House |
| 7:31 | Crear | Villager (Male) |
| 8:24 | Construir | Lumber Camp |
| 9:52 | Construir | Lumber Camp |
| 9:58 | Investigar | Feudal Age |
| 10:06 | Construir | Farm |
| 10:06 | Construir | Farm |
| 10:06 | Construir | Farm |
| 10:06 | Construir | Farm |
| 10:07 | Construir | Farm |
| 10:07 | Construir | Farm |
| 10:28 | Construir | House |
| 10:30 | Construir | House |
| 10:33 | Construir | House |
| 10:35 | Construir | House |
| 10:36 | Construir | House |
| 11:55 | Construir | Farm |
| 11:59 | Construir | Farm |
| 12:02 | Edad | Edad Feudal |
| 12:17 | Crear | Villager (Male) |
| 12:17 | Crear | Villager (Male) |
| 13:06 | Construir | Farm |
| 13:13 | Construir | Farm |
| 13:13 | Construir | Farm |
| 13:13 | Construir | Farm |
| 13:51 | Investigar | Double-Bit Axe |
| 13:54 | Crear | Villager (Male) |
| 14:36 | Construir | Blacksmith |
| 14:53 | Crear | Villager (Male) |
| 15:32 | Construir | Market |
| 16:03 | Investigar | Forging |
| 16:45 | Investigar | Castle Age |
| 16:53 | Construir | Mining Camp |
| 17:26 | Construir | Lumber Camp |
| 17:48 | Investigar | Gold Mining |
| 17:54 | Crear | Villager (Male) |
| 17:55 | Crear | Villager (Male) |
| 18:41 | Construir | Barracks |
| 19:10 | Edad | Edad de los Castillos |
| 19:38 | Construir | Mining Camp |
| 19:42 | Crear | Villager (Male) |
| 19:42 | Crear | Villager (Male) |
| 19:43 | Crear | Villager (Male) |
| 20:22 | Investigar | Pikeman (upgrade) |
| 20:36 | Construir | Archery Range |
| 21:20 | Construir | Town Center |
| 21:29 | Crear | Spearman |
| 21:33 | Crear | Villager (Male) |
| 21:33 | Crear | Villager (Male) |
| 21:55 | Construir | Farm |
| 21:56 | Construir | Farm |
| 21:56 | Construir | Farm |
| 21:57 | Construir | Farm |
| 21:57 | Construir | Farm |
| 21:57 | Construir | Farm |
| 21:58 | Construir | Farm |
| 21:58 | Construir | Farm |
| 21:58 | Construir | Farm |
| 21:59 | Construir | Farm |
| 21:59 | Construir | Farm |
| 22:23 | Investigar | Squires |
| 23:13 | Crear | Villager (Male) |
| 23:13 | Crear | Villager (Male) |
| 23:13 | Crear | Villager (Male) |
| 23:19 | Construir | Farm |
| 23:24 | Construir | Farm |
| 23:35 | Construir | Archery Range |
| 24:01 | Crear | Spearman |
| 24:01 | Investigar | Arson |
| 24:16 | Crear | Villager (Male) |
| 25:01 | Crear | Villager (Male) |
| 25:01 | Crear | Villager (Male) |
| 25:14 | Construir | Farm |
| 25:14 | Construir | Farm |
| 25:14 | Construir | Farm |
| 25:15 | Construir | Farm |
| 25:15 | Construir | Farm |
| 25:15 | Construir | Farm |
| 25:15 | Construir | Farm |
| 25:16 | Construir | Farm |
| 25:16 | Construir | Farm |
| 25:16 | Construir | Farm |
| 25:17 | Construir | Farm |
| 26:03 | Construir | Farm |
| 26:04 | Construir | Farm |
| 26:04 | Construir | Farm |
| 26:04 | Construir | Farm |
| 26:05 | Construir | Farm |
| 26:05 | Construir | Farm |
| 26:05 | Construir | Farm |
| 26:30 | Crear | Trade Cart |
| 26:35 | Crear | Spearman |
| 26:58 | Crear | Villager (Male) |
| 26:58 | Crear | Villager (Male) |
| 26:58 | Crear | Villager (Male) |
| 26:59 | Crear | Villager (Male) |
| 26:59 | Crear | Villager (Male) |
| 26:59 | Crear | Villager (Male) |
| 27:02 | Crear | Villager (Male) |
| 27:02 | Crear | Villager (Male) |
| 27:09 | Crear | Villager (Male) |
| 27:18 | Crear | Spearman |
| 27:48 | Crear | Trade Cart |
| 28:05 | Construir | House |
| 28:07 | Construir | House |
| 28:08 | Construir | House |
| 28:43 | Construir | Castle |
| 28:48 | Crear | Villager (Male) |
| 28:48 | Crear | Villager (Male) |
| 28:50 | Crear | Villager (Male) |
| 29:08 | Crear | Villager (Male) |
| 29:08 | Crear | Villager (Male) |
| 29:18 | Crear | Villager (Male) |
| 29:19 | Crear | Villager (Male) |
| 29:57 | Construir | House |
| 29:58 | Construir | House |
| 29:59 | Construir | House |
| 30:00 | Construir | House |
| 30:02 | Construir | House |
| 30:04 | Construir | House |
| 30:05 | Construir | House |
| 30:06 | Construir | House |
| 30:07 | Construir | House |
| 30:10 | Construir | House |
| 30:11 | Construir | House |
| 30:12 | Construir | House |
| 30:13 | Construir | House |
| 30:16 | Construir | House |
| 30:17 | Construir | House |
| 30:19 | Construir | House |
| 30:56 | Crear | Spearman |
Build order — pavelinhos
Primeras 150 de 316 acciones detectadas
| 0:12 | Crear | Villager (Male) |
| 0:13 | Crear | Villager (Male) |
| 0:13 | Crear | Villager (Male) |
| 0:17 | Construir | House |
| 0:21 | Construir | House |
| 0:48 | Crear | Villager (Male) |
| 1:55 | Investigar | Loom |
| 2:20 | Construir | Palisade Wall |
| 2:26 | Crear | Villager (Male) |
| 2:52 | Crear | Villager (Male) |
| 3:43 | Crear | Villager (Male) |
| 3:43 | Crear | Villager (Male) |
| 4:40 | Crear | Villager (Male) |
| 4:40 | Crear | Villager (Male) |
| 4:55 | Crear | Villager (Male) |
| 4:55 | Crear | Villager (Male) |
| 5:04 | Construir | House |
| 5:27 | Construir | House |
| 5:33 | Crear | Villager (Male) |
| 6:32 | Construir | Outpost |
| 7:02 | Construir | House |
| 7:29 | Construir | Mill |
| 8:07 | Construir | Mining Camp |
| 8:09 | Crear | Villager (Male) |
| 8:09 | Crear | Villager (Male) |
| 9:08 | Crear | Villager (Male) |
| 9:15 | Crear | Villager (Male) |
| 9:33 | Crear | Villager (Male) |
| 9:50 | Crear | Villager (Male) |
| 10:16 | Crear | Villager (Male) |
| 10:32 | Crear | Villager (Male) |
| 10:48 | Crear | Villager (Male) |
| 11:04 | Crear | Villager (Male) |
| 11:25 | Investigar | Feudal Age |
| 11:51 | Construir | Lumber Camp |
| 13:48 | Edad | Edad Feudal |
| 14:09 | Construir | Farm |
| 14:12 | Construir | Farm |
| 14:16 | Construir | Farm |
| 15:12 | Investigar | Castle Age |
| 15:20 | Construir | Mining Camp |
| 16:00 | Construir | Farm |
| 17:17 | Crear | Villager (Male) |
| 17:44 | Investigar | Stone Mining |
| 17:52 | Edad | Edad de los Castillos |
| 17:59 | Construir | Town Center |
| 18:10 | Crear | Villager (Male) |
| 19:16 | Crear | Villager (Male) |
| 19:38 | Construir | Farm |
| 19:42 | Construir | Farm |
| 20:19 | Construir | Castle |
| 20:25 | Construir | Farm |
| 20:26 | Crear | Villager (Male) |
| 20:27 | Crear | Villager (Male) |
| 20:35 | Investigar | Double-Bit Axe |
| 20:39 | Crear | Villager (Male) |
| 20:59 | Construir | Farm |
| 21:00 | Crear | Villager (Male) |
| 21:04 | Crear | Villager (Male) |
| 21:04 | Crear | Villager (Male) |
| 21:05 | Crear | Villager (Male) |
| 21:05 | Crear | Villager (Male) |
| 21:29 | Construir | Mining Camp |
| 21:41 | Construir | Farm |
| 21:42 | Crear | Villager (Male) |
| 21:50 | Construir | Farm |
| 21:51 | Crear | Villager (Male) |
| 21:53 | Crear | Villager (Male) |
| 22:14 | Construir | Farm |
| 22:34 | Construir | Stable |
| 22:46 | Construir | Farm |
| 23:02 | Construir | Farm |
| 23:10 | Construir | Farm |
| 23:15 | Construir | Farm |
| 23:19 | Crear | Villager (Male) |
| 23:19 | Crear | Villager (Male) |
| 23:32 | Construir | Farm |
| 23:38 | Crear | Villager (Male) |
| 23:38 | Crear | Villager (Male) |
| 24:05 | Construir | Market |
| 24:09 | Crear | Villager (Male) |
| 24:12 | Crear | Villager (Male) |
| 24:12 | Crear | Villager (Male) |
| 24:22 | Crear | Villager (Male) |
| 24:34 | Investigar | Gold Mining |
| 24:40 | Crear | Petard |
| 24:40 | Crear | Petard |
| 24:54 | Construir | Farm |
| 24:58 | Investigar | Town Watch |
| 25:03 | Investigar | Wheelbarrow |
| 25:40 | Construir | Stable |
| 25:47 | Construir | Farm |
| 25:50 | Construir | Farm |
| 26:21 | Crear | Petard |
| 26:49 | Crear | Trade Cart |
| 27:13 | Construir | Blacksmith |
| 27:25 | Investigar | Husbandry |
| 27:27 | Crear | Knight |
| 27:28 | Crear | Knight |
| 27:28 | Crear | Knight |
| 27:28 | Crear | Knight |
| 27:28 | Crear | Knight |
| 27:50 | Crear | Villager (Male) |
| 27:50 | Crear | Villager (Male) |
| 27:59 | Investigar | Bow Saw |
| 28:10 | Investigar | Scale Barding Armor |
| 28:19 | Crear | Knight |
| 28:19 | Crear | Knight |
| 28:24 | Crear | Villager (Male) |
| 28:37 | Investigar | Gold Shaft Mining |
| 28:37 | Investigar | Gold Shaft Mining |
| 28:41 | Construir | House |
| 28:42 | Construir | House |
| 28:50 | Construir | House |
| 29:11 | Construir | Farm |
| 29:40 | Crear | Knight |
| 29:41 | Crear | Knight |
| 29:55 | Crear | Knight |
| 29:55 | Crear | Knight |
| 30:35 | Crear | Knight |
| 30:36 | Crear | Knight |
| 30:36 | Crear | Knight |
| 32:39 | Construir | Siege Workshop |
| 32:46 | Crear | Knight |
| 32:46 | Crear | Knight |
| 32:47 | Crear | Knight |
| 33:02 | Investigar | Chain Barding Armor |
| 33:20 | Crear | Ballista Elephant |
| 33:20 | Crear | Ballista Elephant |
| 33:22 | Crear | Ballista Elephant |
| 33:40 | Crear | Villager (Male) |
| 33:40 | Crear | Villager (Male) |
| 33:46 | Construir | House |
| 33:48 | Construir | House |
| 33:50 | Crear | Battering Ram |
| 33:50 | Crear | Battering Ram |
| 34:41 | Crear | Battering Ram |
| 34:55 | Investigar | Fletching |
| 34:55 | Investigar | Padded Archer Armor |
| 35:08 | Construir | Farm |
| 35:10 | Construir | Farm |
| 35:13 | Crear | Villager (Male) |
| 35:13 | Crear | Villager (Male) |
| 35:13 | Crear | Villager (Male) |
| 35:56 | Crear | Battering Ram |
| 35:56 | Crear | Battering Ram |
| 36:02 | Construir | Stable |
| 36:23 | Crear | Knight |
| 36:23 | Crear | Knight |
| 36:23 | Crear | Knight |
Build order — Andrikreus
Primeras 150 de 841 acciones detectadas
| 0:02 | Crear | Villager (Male) |
| 0:03 | Crear | Villager (Male) |
| 0:03 | Crear | Villager (Male) |
| 0:03 | Crear | Villager (Male) |
| 0:04 | Construir | House |
| 0:06 | Construir | House |
| 1:21 | Investigar | Loom |
| 1:40 | Crear | Villager (Male) |
| 2:03 | Crear | Villager (Male) |
| 2:33 | Crear | Villager (Male) |
| 2:49 | Construir | Lumber Camp |
| 2:52 | Crear | Villager (Male) |
| 3:02 | Crear | Villager (Male) |
| 3:23 | Construir | House |
| 3:29 | Construir | House |
| 3:48 | Crear | Villager (Male) |
| 3:48 | Crear | Villager (Male) |
| 4:02 | Crear | Villager (Male) |
| 4:16 | Construir | Palisade Wall |
| 4:33 | Crear | Villager (Male) |
| 4:51 | Construir | House |
| 5:18 | Crear | Villager (Male) |
| 5:32 | Crear | Villager (Male) |
| 5:49 | Construir | House |
| 6:05 | Construir | Lumber Camp |
| 6:15 | Crear | Villager (Male) |
| 6:19 | Crear | Villager (Male) |
| 7:07 | Crear | Villager (Male) |
| 7:07 | Crear | Villager (Male) |
| 7:08 | Crear | Villager (Male) |
| 7:34 | Construir | Mill |
| 7:44 | Construir | Mill |
| 8:01 | Crear | Villager (Male) |
| 8:01 | Crear | Villager (Male) |
| 8:43 | Crear | Villager (Male) |
| 8:45 | Crear | Villager (Male) |
| 8:46 | Crear | Villager (Male) |
| 9:11 | Crear | Villager (Male) |
| 10:01 | Crear | Villager (Male) |
| 10:01 | Crear | Villager (Male) |
| 10:02 | Crear | Villager (Male) |
| 10:02 | Crear | Villager (Male) |
| 10:02 | Crear | Villager (Male) |
| 10:32 | Crear | Villager (Male) |
| 10:41 | Construir | Mill |
| 11:23 | Crear | Villager (Male) |
| 11:24 | Crear | Villager (Male) |
| 11:24 | Crear | Villager (Male) |
| 11:29 | Construir | Farm |
| 11:29 | Construir | Farm |
| 11:30 | Construir | Farm |
| 11:31 | Construir | Farm |
| 11:32 | Construir | Farm |
| 11:32 | Construir | Farm |
| 11:33 | Construir | Farm |
| 11:34 | Construir | Farm |
| 11:59 | Construir | House |
| 12:02 | Investigar | Feudal Age |
| 12:13 | Construir | House |
| 12:14 | Construir | House |
| 12:14 | Construir | House |
| 12:14 | Construir | House |
| 12:15 | Construir | House |
| 13:26 | Construir | House |
| 13:27 | Construir | House |
| 13:29 | Construir | House |
| 13:31 | Construir | House |
| 13:38 | Crear | Villager (Male) |
| 13:38 | Crear | Villager (Male) |
| 13:38 | Crear | Villager (Male) |
| 13:39 | Crear | Villager (Male) |
| 13:39 | Crear | Villager (Male) |
| 13:39 | Crear | Villager (Male) |
| 13:40 | Crear | Villager (Male) |
| 13:40 | Crear | Villager (Male) |
| 13:40 | Crear | Villager (Male) |
| 13:40 | Crear | Villager (Male) |
| 13:41 | Crear | Villager (Male) |
| 13:41 | Crear | Villager (Male) |
| 13:41 | Crear | Villager (Male) |
| 14:00 | Construir | House |
| 14:00 | Construir | House |
| 14:01 | Construir | House |
| 14:02 | Construir | House |
| 14:13 | Edad | Edad Feudal |
| 14:18 | Investigar | Horse Collar |
| 14:24 | Investigar | Double-Bit Axe |
| 15:14 | Construir | Farm |
| 15:26 | Construir | Farm |
| 15:27 | Construir | Farm |
| 15:28 | Construir | Farm |
| 15:29 | Construir | Farm |
| 15:30 | Construir | Farm |
| 15:33 | Construir | Farm |
| 15:38 | Construir | Farm |
| 15:45 | Crear | Villager (Male) |
| 15:45 | Crear | Villager (Male) |
| 15:45 | Crear | Villager (Male) |
| 15:46 | Crear | Villager (Male) |
| 15:46 | Crear | Villager (Male) |
| 15:54 | Construir | Farm |
| 16:07 | Construir | House |
| 16:08 | Construir | House |
| 16:52 | Construir | Market |
| 17:06 | Construir | House |
| 17:36 | Construir | Blacksmith |
| 17:56 | Construir | Mining Camp |
| 18:23 | Crear | Villager (Male) |
| 18:40 | Investigar | Castle Age |
| 18:51 | Construir | Barracks |
| 19:54 | Construir | Barracks |
| 19:55 | Construir | Barracks |
| 19:56 | Construir | Barracks |
| 20:09 | Crear | Villager (Male) |
| 20:09 | Crear | Villager (Male) |
| 20:09 | Crear | Villager (Male) |
| 20:10 | Crear | Villager (Male) |
| 20:10 | Crear | Villager (Male) |
| 20:10 | Crear | Villager (Male) |
| 20:11 | Crear | Villager (Male) |
| 20:11 | Crear | Villager (Male) |
| 20:11 | Crear | Villager (Male) |
| 20:12 | Crear | Villager (Male) |
| 20:12 | Crear | Villager (Male) |
| 20:12 | Crear | Villager (Male) |
| 20:13 | Crear | Villager (Male) |
| 20:13 | Crear | Villager (Male) |
| 20:13 | Crear | Villager (Male) |
| 20:14 | Crear | Villager (Male) |
| 21:18 | Construir | House |
| 21:28 | Edad | Edad de los Castillos |
| 21:33 | Construir | Town Center |
| 21:44 | Crear | Villager (Male) |
| 22:00 | Investigar | Scale Mail Armor |
| 22:01 | Investigar | Forging |
| 22:06 | Construir | Mining Camp |
| 22:12 | Construir | Barracks |
| 22:23 | Investigar | Gold Mining |
| 22:27 | Crear | Villager (Male) |
| 22:27 | Crear | Villager (Male) |
| 22:51 | Crear | Villager (Male) |
| 22:52 | Crear | Villager (Male) |
| 22:52 | Crear | Villager (Male) |
| 22:52 | Crear | Villager (Male) |
| 22:53 | Crear | Villager (Male) |
| 22:53 | Crear | Villager (Male) |
| 22:53 | Crear | Villager (Male) |
| 22:53 | Crear | Villager (Male) |
| 22:54 | Crear | Villager (Male) |
| 22:54 | Crear | Villager (Male) |
Build order — gabibozolan
Primeras 150 de 417 acciones detectadas
| 0:06 | Investigar | Loom |
| 0:07 | Crear | Villager (Male) ×4 |
| 0:21 | Construir | House |
| 0:22 | Construir | House |
| 0:24 | Construir | House |
| 0:25 | Construir | House |
| 0:37 | Construir | Mill |
| 0:47 | Crear | Villager (Male) ×3 |
| 1:46 | Construir | Palisade Wall |
| 1:52 | Construir | Palisade Wall |
| 3:39 | Crear | Villager (Male) |
| 4:29 | Crear | Villager (Male) |
| 5:00 | Crear | Villager (Male) |
| 5:12 | Construir | Lumber Camp |
| 5:51 | Crear | Villager (Male) |
| 6:00 | Crear | Villager (Male) |
| 6:11 | Crear | Villager (Male) |
| 6:42 | Crear | Villager (Male) |
| 7:16 | Crear | Villager (Male) |
| 7:29 | Construir | Lumber Camp |
| 7:38 | Crear | Villager (Male) |
| 7:57 | Crear | Villager (Male) |
| 8:36 | Crear | Villager (Male) |
| 8:50 | Crear | Villager (Male) ×4 |
| 9:10 | Construir | Mining Camp |
| 10:20 | Construir | Mill |
| 10:51 | Construir | House |
| 10:53 | Construir | House |
| 10:55 | Construir | House |
| 12:52 | Investigar | Feudal Age |
| 13:33 | Construir | House |
| 15:02 | Edad | Edad Feudal |
| 15:14 | Construir | Stone Wall |
| 15:23 | Construir | Stone Wall |
| 15:34 | Construir | Stone Wall |
| 15:53 | Construir | Stone Wall |
| 15:58 | Construir | Stone Wall |
| 16:01 | Construir | Stone Wall |
| 16:03 | Construir | Stone Wall |
| 16:13 | Investigar | Town Watch |
| 16:18 | Investigar | Horse Collar |
| 16:23 | Investigar | Double-Bit Axe |
| 16:31 | Construir | Mining Camp |
| 16:36 | Crear | Villager (Male) ×5 |
| 17:25 | Construir | Stone Wall |
| 17:36 | Construir | Farm |
| 17:37 | Construir | Farm |
| 17:39 | Construir | Farm |
| 17:40 | Construir | Farm |
| 18:09 | Crear | Villager (Male) ×5 |
| 18:31 | Construir | Market |
| 19:05 | Construir | Farm |
| 19:07 | Construir | Farm |
| 19:09 | Construir | Farm |
| 19:11 | Construir | Farm |
| 19:26 | Crear | Villager (Male) ×5 |
| 20:23 | Construir | House |
| 20:25 | Construir | House |
| 21:19 | Crear | Villager (Male) ×5 |
| 21:47 | Construir | Barracks |
| 21:54 | Construir | Blacksmith |
| 22:12 | Construir | Farm |
| 22:14 | Construir | Farm |
| 22:15 | Construir | Farm |
| 22:17 | Construir | Farm |
| 22:19 | Construir | Farm |
| 22:21 | Construir | Farm |
| 22:22 | Construir | Farm |
| 22:25 | Construir | Farm |
| 22:30 | Construir | Farm |
| 23:51 | Crear | Trade Cart |
| 23:51 | Crear | Trade Cart |
| 23:51 | Crear | Trade Cart |
| 23:52 | Crear | Trade Cart |
| 24:45 | Crear | Villager (Male) |
| 25:04 | Crear | Villager (Male) |
| 25:07 | Investigar | Castle Age |
| 25:34 | Investigar | Stone Mining |
| 25:44 | Investigar | Gold Mining |
| 27:17 | Investigar | Wheelbarrow |
| 27:54 | Crear | Trade Cart |
| 27:54 | Crear | Trade Cart |
| 28:29 | Edad | Edad de los Castillos |
| 28:35 | Construir | Monastery |
| 28:47 | Construir | Town Center |
| 28:53 | Crear | Villager (Male) ×5 |
| 28:56 | Investigar | Heavy Plow |
| 29:02 | Investigar | Bow Saw |
| 29:23 | Construir | Castle |
| 29:38 | Investigar | Caravan |
| 29:39 | Investigar | Coinage |
| 29:44 | Crear | Monk |
| 29:45 | Crear | Monk |
| 29:45 | Investigar | Fervor |
| 30:01 | Construir | Farm |
| 30:03 | Construir | Farm |
| 30:04 | Construir | Farm |
| 30:09 | Construir | Mill |
| 30:15 | Construir | Farm |
| 30:16 | Construir | Farm |
| 30:43 | Construir | Lumber Camp |
| 31:08 | Investigar | Hand Cart |
| 31:09 | Crear | Villager (Male) ×5 |
| 31:31 | Construir | House |
| 31:32 | Construir | House |
| 31:34 | Construir | House |
| 31:35 | Construir | House |
| 31:37 | Construir | House |
| 31:47 | Crear | Villager (Male) ×5 |
| 32:52 | Construir | University |
| 32:57 | Construir | Castle |
| 33:38 | Crear | Villager (Male) ×5 |
| 33:41 | Investigar | Imperial Age |
| 33:47 | Construir | Farm |
| 33:48 | Construir | Farm |
| 33:50 | Construir | Farm |
| 33:52 | Construir | Farm |
| 33:53 | Construir | Farm |
| 33:57 | Construir | Mill |
| 34:16 | Investigar | Murder Holes |
| 34:45 | Construir | Mining Camp |
| 34:58 | Construir | Mining Camp |
| 35:10 | Construir | Siege Workshop |
| 35:11 | Construir | Siege Workshop |
| 35:17 | Construir | Barracks |
| 35:19 | Construir | Barracks |
| 35:22 | Construir | Barracks |
| 35:23 | Construir | Barracks |
| 35:35 | Crear | Villager (Male) ×5 |
| 35:42 | Investigar | Pikeman (upgrade) |
| 35:43 | Investigar | Squires |
| 35:43 | Investigar | Arson |
| 35:44 | Investigar | Gambesons |
| 35:54 | Construir | Mining Camp |
| 36:00 | Crear | Trade Cart |
| 36:00 | Crear | Trade Cart |
| 36:01 | Crear | Trade Cart |
| 36:03 | Crear | Trade Cart |
| 36:35 | Investigar | Stone Shaft Mining |
| 36:53 | Construir | Lumber Camp |
| 37:18 | Edad | Edad Imperial |
| 37:20 | Crear | Villager (Male) ×5 |
| 37:24 | Investigar | Chemistry |
| 37:27 | Investigar | Conscription |
| 37:31 | Investigar | Halberdier (upgrade) |
| 37:37 | Crear | Villager (Male) ×5 |
| 37:48 | Construir | Farm |
| 37:50 | Construir | Farm |
| 37:52 | Construir | Farm |
| 38:16 | Construir | Farm |
Cronología de la partida
| 1:18 | Rdot_48em · wall_segment Palisade Wall x9 |
| 1:25 | Rdot_48em · wall_segment Palisade Wall x9 |
| 1:35 | spiterman · wall_segment Palisade Wall x9 |
| 1:46 | gabibozolan · wall_segment Palisade Wall x9 |
| 1:52 | gabibozolan · wall_segment Palisade Wall x19 |
| 2:15 | GILGAMESH · wall_segment Palisade Wall x16 |
| 2:20 | pavelinhos · wall_segment Palisade Wall x11 |
| 3:10 | spiterman · wall_segment Palisade Wall x7 |
| 4:16 | Andrikreus · wall_segment Palisade Wall x2 |
| 7:10 | GILGAMESH · wall_segment Palisade Wall x15 |
| 12:02 | GILGAMESH · age_up feudal |
| 13:02 | Rdot_48em · wall_segment Palisade Wall x8 |
| 13:48 | pavelinhos · age_up feudal |
| 14:13 | Andrikreus · age_up feudal |
| 14:18 | spiterman · age_up feudal |
| 14:20 | Rdot_48em · wall_segment Palisade Wall x10 |
| 15:02 | gabibozolan · age_up feudal |
| 15:14 | gabibozolan · wall_segment Stone Wall x9 |
| 15:23 | spiterman · wall_segment Stone Wall x8 |
| 15:23 | gabibozolan · wall_segment Stone Wall x1 |
| 15:34 | gabibozolan · wall_segment Stone Wall x2 |
| 15:53 | gabibozolan · wall_segment Stone Wall x6 |
| 15:55 | Rdot_48em · wall_segment Palisade Wall x6 |
| 15:58 | gabibozolan · wall_segment Stone Wall x7 |
| 16:01 | gabibozolan · wall_segment Stone Wall x1 |
| 16:03 | gabibozolan · wall_segment Stone Wall x1 |
| 16:28 | GILGAMESH · first_market_sell 100 food |
| 17:02 | Rdot_48em · first_building Barracks |
| 17:25 | gabibozolan · wall_segment Stone Wall x1 |
| 17:52 | pavelinhos · age_up castle |
| 18:07 | spiterman · wall_segment Stone Wall x9 |
| 18:29 | Andrikreus · first_market_sell 100 wood |
| 18:41 | GILGAMESH · first_building Barracks |
| 18:51 | Andrikreus · first_building Barracks |
| 18:52 | spiterman · first_building Barracks |
| 19:10 | GILGAMESH · age_up castle |
| 20:19 | pavelinhos · first_building Castle |
| 20:36 | GILGAMESH · first_building Archery Range |
| 21:28 | Andrikreus · age_up castle |
| 21:41 | Rdot_48em · first_building Stable |
| 21:47 | gabibozolan · first_building Barracks |
| 22:34 | pavelinhos · first_building Stable |
| 23:43 | Andrikreus · first_building Castle |
| 24:13 | spiterman · age_up castle |
| 25:07 | spiterman · first_building Archery Range |
| 25:23 | spiterman · first_building Monastery |
| 25:56 | Rdot_48em · first_building Castle |
| 26:53 | spiterman · wall_segment Stone Wall x7 |
| 28:03 | spiterman · first_building Castle |
| 28:29 | gabibozolan · age_up castle |
| 28:35 | gabibozolan · first_building Monastery |
| 28:43 | GILGAMESH · first_building Castle |
| 29:23 | gabibozolan · first_building Castle |
| 29:34 | spiterman · wall_segment Stone Wall x9 |
| 31:02 | Rdot_48em · first_market_sell 100 wood |
| 31:43 | Andrikreus · age_up imperial |
| 31:52 | GILGAMESH · wall_segment Stone Wall x5 |
| 32:39 | pavelinhos · first_building Siege Workshop |
| 32:45 | Andrikreus · wall_segment Palisade Wall x10 |
| 34:14 | Rdot_48em · first_building Siege Workshop |
| 34:19 | GILGAMESH · wall_segment Stone Wall x4 |
| 35:10 | gabibozolan · first_building Siege Workshop |
| 36:30 | pavelinhos · first_building Barracks |
| 36:31 | GILGAMESH · wall_segment Stone Wall x11 |
| 37:18 | gabibozolan · age_up imperial |
| 37:53 | GILGAMESH · wall_segment Stone Wall x5 |
| 38:11 | spiterman · first_building Siege Workshop |
| 38:51 | GILGAMESH · wall_segment Stone Wall x20 |
| 38:56 | pavelinhos · first_market_sell 100 wood |
| 39:41 | gabibozolan · first_building Stable |
| 40:21 | GILGAMESH · wall_segment Stone Wall x4 |
| 41:43 | GILGAMESH · wall_segment Stone Wall x4 |
| 41:57 | spiterman · first_building Stable |
| 42:15 | pavelinhos · age_up imperial |
| 43:06 | GILGAMESH · wall_segment Stone Wall x18 |
| 46:19 | GILGAMESH · wall_segment Stone Wall x12 |
| 46:30 | gabibozolan · first_market_buy 100 stone |
| 46:33 | GILGAMESH · wall_segment Stone Wall x11 |
| 47:55 | spiterman · first_market_sell 100 food |
| 47:58 | spiterman · first_market_buy 100 wood |
| 49:57 | GILGAMESH · first_building Stable |
| 51:12 | spiterman · wall_segment Stone Wall x1 |
| 51:34 | gabibozolan · first_market_sell 500 wood |
| 52:56 | spiterman · wall_segment Stone Wall x8 |
| 56:10 | GILGAMESH · first_building Monastery |
| 60:08 | GILGAMESH · first_building Siege Workshop |
| 61:59 | spiterman · age_up imperial |
| 66:00 | gabibozolan · wall_segment Stone Wall x10 |
| 66:06 | gabibozolan · wall_segment Stone Wall x9 |
| 66:09 | gabibozolan · wall_segment Stone Wall x11 |
| 66:13 | gabibozolan · wall_segment Stone Wall x9 |
| 70:37 | pavelinhos · resign |
| 72:25 | GILGAMESH · age_up imperial |
[ ANÁLISIS IA · 1 CRÉDITO ]
¿Qué pasó realmente en esta partida?
Wolo.gg analiza cada decisión: build order, eco, micro, errores típicos por bracket. Análisis personalizado por WhatsApp o Discord en 30 segundos.
Guía civ
Mongoles
Perfil
Jugador #23600643